Map: 16-Bit LE

Players

Trizztein

  • Race: Terran Terran
  • League: Diamond
  • Spawn Location: 7:00

A.I. 1 (Very Easy) - Winner!

  • Race: Terran Terran
  • Spawn Location: 1:00

VOD

Have the link to the VOD?

Description

Time

  • Played on: July 3, 2018, 8:04 a.m.
  • Length: 10:38
Show
View Real Time Build Order
Export as new Build Order

Trizztein Terran 

Build Orders: Reaper Expand, Mech 

Get SALT Encoding   

  12  0:01  SCV  
  13  0:13  SCV  
  14  0:18  Supply Depot  
  14  0:25  SCV  
  15  0:30  Refinery  
  15  0:39  SCV  
  16  0:47  Barracks  
  16  0:52  SCV  
  17  1:04  SCV  
  18  1:16  SCV  
  19  1:33  Orbital Command  
  19  1:34  Reaper  
  20  1:51  Command Center  
  20  1:57  Refinery  
  20  1:59  SCV  
  21  2:07  Supply Depot  
  21  2:10  Reaper  
  21  2:14  SCV  
  23  2:24  Factory  
  23  2:29  SCV  
  24  2:41  SCV  
  24  2:43  Barracks Reactor  
  25  2:53  SCV  
  26  3:03  Orbital Command  
  26  3:05  SCV  
  27  3:09  Starport  
  27  3:10  Cyclone  
  30  3:17  SCV  
  31  3:20  Marine x2  
  33  3:29  SCV x2  
  35  3:38  Marine x2  
  37  3:41  SCV x2  
  37  3:42  Factory Tech Lab  
  37  3:47  Starport Tech Lab  
  39  3:52  Supply Depot  
  39  3:53  SCV  
  39  3:54  SCV  
  41  3:55  Marine x2  
  41  4:01  Siege Tank  
  46  4:12  Refinery  
  46  4:13  Refinery, Raven, SCV x2  
  46  4:15  Marine x2  
  52  4:20  Supply Depot  
  52  4:25  SCV x2  
  54  4:32  Command Center  
  54  4:41  Siege Tank, SCV  
  54  4:44  Supply Depot  
  54  4:45  SCV  
  59  4:48  Supply Depot  
  59  4:56  SCV  
  59  4:59  Factory  
  60  5:00  SCV  
  60  5:05  Viking  
  63  5:09  SCV  
  63  5:13  SCV  
  65  5:17  Supply Depot  
  65  5:18  Siege Tank  
  65  5:21  SCV  
  69  5:25  SCV  
  70  5:31  Armory  
  70  5:33  SCV  
  71  5:35  Armory  
  71  5:38  SCV  
  71  5:39  Supply Depot  
  72  5:49  Starport Reactor, Orbital Command  
  72  5:50  SCV  
  72  5:53  SCV  
  72  5:54  Engineering Bay  
  72  5:56  Siege Tank  
  77  5:59  Hellion  
  77  6:02  Hellion  
  81  6:06  SCV x2  
  81  6:09  Orbital Command  
  83  6:16  Factory  
  83  6:18  SCV  
  83  6:19  SCV  
  83  6:25  Missile Turret  
  85  6:27  Hellion  
  85  6:28  Hellion  
  85  6:32  Refinery, Infernal Pre-Igniter  
  89  6:35  SCV x2  
  89  6:36  Refinery, SCV  
  92  6:46  Supply Depot  
  92  6:47  Supply Depot, SCV x2, Terran Vehicle And Ship Armor Level 1, Terran Vehicle Weapons Level 1  
  92  6:48  SCV  
  92  6:51  Siege Tank  
  92  6:53  Hellion  
  100  6:55  Hellion  
  100  6:59  SCV x2  
  100  7:01  SCV  
  105  7:07  Siege Tank  
  108  7:09  Supply Depot  
  108  7:10  Supply Depot  
  108  7:11  SCV x2  
  108  7:15  Missile Turret x2  
  110  7:18  SCV  
  110  7:19  Sensor Tower  
  111  7:23  SCV x2  
  111  7:27  Hellion x2  
  120  7:30  Siege Tank, SCV  
  120  7:33  Supply Depot  
  120  7:34  Supply Depot  
  120  7:35  Barracks Reactor  
  121  7:37  Viking  
  121  7:40  Viking  
  121  7:42  SCV x2  
  127  7:45  Siege Tank  
  127  7:46  SCV  
  131  7:58  Supply Depot  
  131  7:59  Hellion x2  
  131  8:00  Supply Depot  
  135  8:07  Starport  
  135  8:08  Starport x2  
  135  8:13  Starport  
  135  8:15  SCV  
  135  8:16  SCV  
  137  8:20  Barracks Reactor, Viking  
  137  8:21  Viking  
  141  8:30  Command Center  
  141  8:43  Supply Depot  
  141  8:44  Siege Tank x2, Hellion  
  141  8:45  Hellion  
  151  8:50  Refinery, Supply Depot  
  151  8:51  Supply Depot  
  151  8:54  Missile Turret x2  
  151  8:55  Refinery, Missile Turret  
  151  8:56  Sensor Tower  
  151  9:03  Starport Tech Lab  
  151  9:11  Fusion Core  
  151  9:13  Viking x3  
  151  9:14  Viking x2  
  161  9:17  Supply Depot  
  161  9:20  Supply Depot x2  
  161  9:35  Supply Depot  
  161  9:36  Viking  
  165  9:39  Raven  
  165  9:45  Planetary Fortress  
  165  9:52  Viking x2  
  169  10:05  Hellion  
  169  10:06  Hellion x2  
  175  10:16  Hellion  
  184  10:21  Command Center  
  190  10:28  Missile Turret  
  190  10:30  Missile Turret  
  190  10:31  Missile Turret x2  
  190  10:32  Missile Turret  
  190  10:34  Missile Turret x2  
Show
View Real Time Build Order
Export as new Build Order

A.I. 1 (Very Easy) Terran - Winner!

Build Orders: Reaper Expand 

Get SALT Encoding   

  12  0:00  SCV  
  13  0:13  SCV  
  14  0:20  Supply Depot  
  14  0:47  Barracks  
  14  1:06  Command Center  
  14  1:32  Supply Depot  
  14  1:33  Marine  
  14  1:36  Orbital Command  
  14  1:39  Refinery  
  15  1:52  Refinery  
  15  2:01  SCV  
  16  2:14  SCV  
  17  2:18  SCV  
  17  2:19  Reaper  
  19  2:26  SCV  
  20  2:32  SCV  
  21  2:39  SCV  
  22  2:47  SCV  
  22  2:48  Refinery  
  23  2:54  SCV  
  24  3:01  SCV  
  24  3:03  Marine  
  26  3:08  SCV  
  27  3:15  SCV  
  28  3:22  SCV  
  28  3:23  Factory  
  29  3:46  Refinery  
  29  3:47  SCV  
  29  3:48  Marine  
  31  3:54  SCV  
  32  4:00  Supply Depot  
  32  4:01  SCV  
  33  4:08  SCV  
  34  4:10  Starport  
  34  4:15  SCV  
  35  4:22  SCV  
  36  4:30  SCV  
  37  4:32  Reaper  
  37  4:37  SCV  
  39  4:39  Supply Depot  
  39  4:44  SCV  
  40  4:47  Starport Tech Lab  
  40  4:51  SCV  
  41  4:58  SCV  
  42  5:05  SCV  
  43  5:07  Raven  
  43  5:13  SCV  
  46  5:16  Marine  
  46  5:20  SCV  
  48  5:50  Raven  
  50  6:01  Marine  
  50  6:11  SCV  
  51  6:45  Barracks Tech Lab  
  51  7:04  Marauder  
  51  7:08  SCV  
Tags
 
Composition
Mech
League
Diamond
Matchup
TvT
Race
Terran
Spawn Locations
Cross Positions
Add a new tag
Caveats
  • Supply blocks, unpowered buildings, or Contaminate may cause inaccurate times.
  • Supply counts are checked every 10 seconds.